 Dungeon Crawl Stone Soup version 0.28-a0-863-g8cecda6153 (webtiles) character file.

Game seed: 3175732692295002436

3107 kae the Grappler (level 9, -3/134 HPs)
             Began as a Green Draconian Transmuter on Nov 16, 2021.
             Was an Initiate of Makhleb.
             Slain by a hornet (12 damage)
             ... on level 7 of the Dungeon.
             The game lasted 00:08:02 (10686 turns).

kae the Grappler (Green Draconian Transmuter)      Turns: 10686, Time: 00:08:03

Health: -3/134     AC:  7    Str: 13    XL:     9   Next: 60%
Magic:  10/16      EV: 10    Int: 16    God:    Makhleb [......]
Gold:   894        SH:  0    Dex: 12    Spells: 10/18 levels left

rFire   . . .      SeeInvis .     - Unarmed
rCold   + + +      Faith    .   (shield currently unavailable)
rNeg    . . .      Spirit   .   (armour unavailable)
rPois   +          Reflect  .   (helmet currently unavailable)
rElec   .          Harm     .   (cloak currently unavailable)
rCorr   .          Rampage  .   (gloves currently unavailable)
Will    .....                   (boots currently unavailable)
Stlth   ..........              (no amulet)
HPRegen 0.32/turn               m - ring of protection from fire
MPRegen 0.15/turn               (no ring)

@: berserking, ice-form, weak-willed, very quick
A: freezing attack, amphibious, boosted hp, (breathe noxious fumes), AC +7,
large, unfitting armour, (poison resistance), (cold-blooded)
a: End Transformation, Renounce Religion


You were on level 7 of the Dungeon.
You worshipped Makhleb.
Makhleb was noncommittal.
You were a creature of crystalline ice.
You visited 2 branches of the dungeon, and saw 9 of its levels.
You also visited: Sewer.

You collected 894 gold pieces.

Inventory:

Armour
 p - a scarf of shadows (melded)
 r - the +3 pair of seven-league boots (melded) {Rampage+∞}
   (You acquired it on level 6 of the Dungeon)

   Its wearer moves as far as possible in that direction when moving towards
   enemies.
Jewellery
 m - a ring of protection from fire (left front paw)
Wands
 f - a wand of flame (18)
 s - a wand of acid (5)
Scrolls
 a - a scroll of magic mapping
 e - a scroll of immolation
 o - a scroll of holy word
 t - a scroll of enchant weapon
Potions
 c - 2 potions of curing
 d - a potion of mutation
 h - 2 potions of attraction
 i - 2 potions of haste {unknown}
 j - 3 potions of flight {unknown}
 k - 2 potions of resistance {unknown}
 l - 2 potions of might {unknown}
 n - 2 potions of invisibility {unknown}


   Skills:
 + Level 5.7 Fighting
 + Level 3.7 Dodging
 * Level 8.2 Unarmed Combat
 + Level 5.3 Spellcasting
 + Level 5.5 Transmutations
 - Level 5.0 Ice Magic


You had 10 spell levels left.
You knew the following spells:

 Your Spells              Type           Power      Damage    Failure   Level
a - Beastly Appendage     Tmut           44%        N/A       1%          1
b - Spider Form           Tmut/Pois      13%        N/A       14%         3
c - Ice Form              Ice/Tmut       21%        N/A       17%         4

Your spell library contained the following spells:

 Spells                   Type           Power      Damage    Failure   Level
 Wereblood                Tmut           22%        N/A       2%          2
 Passwall                 Tmut/Erth      10%        N/A       7%          2
 Ensorcelled Hibernation  Hex/Ice        24%        N/A       9%          2
 Magic Dart               Conj           16%        1d3       16%         1
 Sandblast                Erth           8%         2d5       16%         1
 Shock                    Conj/Air       16%        1d4       16%         1
 Slow                     Hex            16%        N/A       16%         1
 Summon Small Mammal      Summ           16%        N/A       16%         1
 Call Imp                 Summ           4%         N/A       22%         2
 Corpse Rot               Necr/Air       8%         N/A       22%         2
 Call Canine Familiar     Summ           4%         N/A       41%         3
 Confusing Touch          Hex            4%         N/A       41%         3
 Dazzling Flash           Conj/Hex       8%         N/A       41%         3
 Mephitic Cloud           Conj/Pois/Air  4%         N/A       41%         3
 Stone Arrow              Conj/Erth      8%         3d7       41%         3
 Summon Guardian Golem    Hex/Summ       4%         N/A       41%         3
 Swiftness                Air            4%         N/A       41%         3
 Tukima's Dance           Hex            4%         N/A       41%         3
 Vampiric Draining        Necr           4%         2d6       41%         3
 Airstrike                Air            2%         N/A       83%         4
 Dispel Undead            Necr           4%         3d7       83%         4
 Agony                    Necr           4%         N/A       99%         5
 Silence                  Hex/Air        2%         N/A       99%         5
 Summon Forest            Summ/Tloc      2%         N/A       99%         5
 Summon Mana Viper        Hex/Summ       4%         N/A       99%         5
 Death Channel            Necr           2%         N/A       100%        6
 Summon Cactus Giant      Summ           2%         N/A       100%        6


Dungeon Overview and Level Annotations

Branches:
Dungeon (8/15)             Temple (1/1) D:7           Sewer (visited)
   Lair: D:8-11

Altars:
Ashenzari
Cheibriados
Dithmenos
Elyvilon
Fedhas
Gozag
Kikubaaqudgha
Makhleb
Nemelex Xobeh
Okawaru
Sif Muna
Trog
Uskayaw
Vehumet
Xom
Yredelemnul
Zin
The Shining One

Shops:
D:5 (

Annotations:
D:3 exclusion: sky beast


Innate Abilities, Weirdness & Mutations

You are a creature of crystalline ice.
You have a powerful freezing melee attack.
You are amphibious.
Your maximum health is increased.
Your armour is entirely melded.
You are incapable of wielding weapons or throwing items.
((You can breathe blasts of noxious fumes.))
((Your lurid green scales are hard. (AC +7)))
You cannot fit into any form of body armour.
((Your system is resistant to poisons. (rPois)))
((You are cold-blooded and may be slowed by cold attacks.))


Message History

The hornet closely misses you.
Your magical contamination has completely faded away.
You completely miss the hornet.
The hornet is heavily wounded.
You feel yourself speed up. The hornet stings you.
You are poisoned.
An orc comes into view. It is wielding a +0 whip.
The hornet stings you.
You feel yourself slow down. The steam dragon breathes steam at you.
The ball of steam misses you.
The orc shouts!
You hear a shout!
You are engulfed in a cloud of scalding steam.
You feel very sick. The hornet stings you!
* * * LOW HITPOINT WARNING * * *
The steam dragon bites you.
* * * LOW HITPOINT WARNING * * *
The steam dragon closely misses you.
The orc wizard points at you and mumbles some strange words.
The puff of flame hits you.
* * * LOW HITPOINT WARNING * * *
The hornet stings you.
* * * LOW HITPOINT WARNING * * *
You climb upwards.
You feel yourself speed up.
You feel very sick.
There is a stone staircase leading down here.
Okay, then.
You feel better. The hornet completely misses you. The steam dragon bites you.
* * * LOW HITPOINT WARNING * * *
The steam dragon barely misses you.
Okay, then.
A red film seems to cover your vision as you go berserk!
You feel yourself moving faster!
You feel mighty! The hornet stings you!
* * * LOW HITPOINT WARNING * * *
The steam dragon bites you but does no damage.
The steam dragon claws you but does no damage.
The hornet stings you!
You die...

.................)))##.#.########
.....................)...........
....................###..######..
......#.....#.......# #..###....#
#####.#######...###.###..##..####
#.......##.#......#........# #
#.......##.###.............# #
#.....>......yD##...##.....###
#............Y................
#....................###...##.
#.................##.# ##..##.
##................##.## #..##.
#....................###.....
#.........#####....<..##.....
#.........# ##.........#...
#......#..## #####..###....#
#####......####_###.####.....


You could see a hornet and a steam dragon.

Vanquished Creatures
  Maggie (D:6)
  A hornet (D:7)
  Duvessa (D:6)
  2 sky beasts (D:7)
  2 ogres
  4 centaurs
  2 kobold brigands (D:7)
  A wyvern zombie (D:7)
  3 bullfrogs
  A scorpion (D:6)
  A water moccasin zombie (D:5)
  A water moccasin skeleton (D:5)
  2 wyvern skeletons
  Dowan (D:6)
  4 killer bees (D:7)
  3 wights (D:7)
  A centaur zombie (D:6)
  2 bullfrog zombies (D:6)
  A bullfrog skeleton (D:6)
  3 centaur skeletons
  A hound (D:4)
  A jelly (D:3)
  An orc priest (D:7)
  2 iguanas
  An orc wizard (D:7)
  A hound skeleton (D:4)
  8 gnolls
  14 adders
  2 river rats (D:5)
  A shadow imp (D:5)
  2 ufetubi (D:6)
  An adder skeleton (D:4)
  3 worms
  13 orcs
  13 ball pythons
  15 endoplasms
  17 giant cockroaches
  9 goblins
  11 hobgoblins
  5 jackals
  12 kobolds
  15 quokkas
  9 bats
  14 frilled lizards
  6 rats
214 creatures vanquished.

Vanquished Creatures (others)
  4 toadstools (D:1)
  5 withered plants (D:6)
9 creatures vanquished.

Grand Total: 223 creatures vanquished

Notes
Turn   | Place    | Note
-------+----------+-------------------------------------------
     0 | D:1      | kae the Draconian Transmuter began the quest for the Orb.
     0 | D:1      | Reached XP level 1. HP: 16/16 MP: 3/3
   479 | D:1      | Reached XP level 2. HP: 19/23 MP: 5/5
  1449 | D:2      | Reached XP level 3. HP: 20/29 MP: 6/6
  1647 | D:2      | Found a faded altar of an unknown god.
  2529 | D:3      | Found a broken altar of Ashenzari.
  2541 | D:3      | Reached XP level 4. HP: 36/36 MP: 5/7
  2650 | D:3      | Noticed a sky beast
  2673 | D:3      | Found a hide-covered altar of Uskayaw.
  2809 | D:3      | Reached skill level 4 in Unarmed Combat
  2941 | D:3      | Found a shimmering blue altar of Sif Muna.
  3536 | D:3      | Reached XP level 5. HP: 26/42 MP: 9/9
  3648 | D:3      | Learned a level 3 spell: Spider Form
  3653 | D:3      | Learned a level 4 spell: Ice Form
  3990 | D:4      | Found a white marble altar of Elyvilon.
  4038 | D:4      | Noticed an ogre
  4052 | D:4      | Killed an ogre
  4053 | D:4      | Reached skill level 1 in Ice Magic
  4053 | D:4      | Reached XP level 6. HP: 25/51 MP: 3/10
  4470 | D:4      | Found an ancient bone altar of Kikubaaqudgha.
  4762 | D:4      | Reached skill level 5 in Unarmed Combat
  4923 | D:5      | Entered Level 5 of the Dungeon
  5029 | D:5      | Found a glowing drain.
  5048 | Sewer    | Entered a sewer
  5684 | Sewer    | Your scales start taking on a lurid green colour.
  5684 | Sewer    | Reached XP level 7. HP: 56/57 MP: 8/12
  5684 | Sewer    | Gained mutation: Your system is resistant to poisons.
                  | (rPois) [Green Draconian growth]
  6865 | D:5      | Found a blossoming altar of Fedhas.
  7060 | D:5      | Found Gyshron's Weapon Boutique.
  7409 | D:6      | Noticed Maggie
  7477 | D:5      | Reached skill level 6 in Unarmed Combat
  7777 | D:6      | Reached XP level 8. HP: 65/66 MP: 10/13
  8049 | D:6      | Killed Maggie
  8343 | D:6      | Noticed Dowan
  8344 | D:6      | Noticed Duvessa
  8356 | D:6      | Killed Duvessa
  8357 | D:6      | Reached skill level 7 in Unarmed Combat
  8357 | D:6      | Reached skill level 5 in Ice Magic
  8374 | D:6      | Killed Dowan
  8805 | D:6      | Identified 2 scrolls of acquirement
  8805 | D:6      | Acquired the +3 pair of seven-league boots {Rampage+∞}
  8805 | D:6      | Found the +3 pair of seven-league boots {Rampage+∞}
  8862 | D:7      | Reached skill level 5 in Fighting
  8862 | D:7      | Reached XP level 9. HP: 74/74 MP: 14/16
  9067 | D:7      | Reached skill level 5 in Transmutations
  9553 | D:7      | Reached skill level 5 in Spellcasting
 10042 | D:7      | Reached skill level 8 in Unarmed Combat
 10043 | D:7      | Found a staircase to the Ecumenical Temple.
 10317 | Temple   | Entered the Ecumenical Temple
 10405 | Temple   | Became a worshipper of Makhleb the Destroyer
 10562 | D:7      | Found a snail-covered altar of Cheibriados.
 10566 | D:7      | Found a bloodstained altar of Trog.
 10571 | D:7      | Found a glowing golden altar of the Shining One.
 10661 | D:7      | Acquired 472 gold pieces
 10686 | D:7      | Slain by a hornet

Illustrated notes

Levels and vault maps discovered:
D:1:      ldierk_water_garden, layout_basic
D:2:      layout_loops_ring, basic_ecumenical_altar,
          wander_ebering_terrifying_dragon_lair
D:3:      minmay_general_purpose_star, layout_basic, lemuel_crystal_altar,
          mainiacjoe_overflow_catch_the_wave, serial_curves, eino_curves_04,
          eino_curves_02
D:4:      minmay_chambers_of_twos, layout_rooms, mainiacjoe_overflow_paths,
          mainiacjoe_overflow_catwalk, minmay_pentomino_pile
D:5:      layout_loops_ring, fedhas_bush_and_centaur_altar,
          gup_sewer_entry_bubbles, serial_shops,
          nicolae_shop_bloodbath_and_beyond, kennysheep_dice
D:6:      layout_gridville, serial_undead, serial_undead_f, serial_undead_c,
          serial_undead_f, serial_undead_b, uniq_maggie, uniq_duvessa
D:7:      layout_rooms, grunt_temple_overflow_diamond,
          minmay_temple_entry_large_hall
D:8:      layout_cave_pools, due_lair_maze_entry_diamond, sword_in_stone
Temple:   jpeg_temple_island

Skill      XL: |  1  2  3  4  5  6  7  8  9 |
---------------+----------------------------+-----
Fighting       | 2 3 4 5 |  5.7
Unarmed Combat | 4 5 6 7 8 |  8.2
Transmutations | 3 4 5 |  5.5
Spellcasting   | 3 4 5 |  5.3
Ice Magic      | 1 2 3 5 |  5.0
Dodging        | 2 3 |  3.7

Action                   |  1- 3 |  4- 6 |  7- 9 || total
-------------------------+-------+-------+-------++-------
Melee: Unarmed           |   126 |   250 |   322 ||   698
       Tailslap          |    13 |     8 |     7 ||    28
       Kick              |    13 |    15 |     1 ||    29
       Headbutt          |    10 |     7 |       ||    17
       Punch             |       |     2 |     1 ||     3
 Cast: Beastly Appendage |    26 |    13 |     1 ||    40
       Spider Form       |       |    28 |    18 ||    46
       Ice Form          |       |       |    17 ||    17
 Abil: Breathe Noxious F |       |       |     4 ||     4
  Use: Scroll            |     8 |     5 |     6 ||    19
       Potion            |       |       |     2 ||     2
 Stab: Confused          |       |       |     3 ||     3
Armor: Skin              |    48 |    61 |   110 ||   219
Dodge: Dodged            |    98 |   183 |   266 ||   547

Table legend: (Time is in decaauts)
 A = Elapsed time spent in this place.
 B = Non-inter-level travel time spent in this place.
 C = Inter-level travel time spent in this place.
 D = Time resting spent in this place.
 E = Time spent auto-exploring this place.
 F = Levels seen in this place.
 G = Mean time per level.
                   A        B        C        D        E       F      G
               +--------+--------+--------+--------+--------+-----+--------+
         Total |  10735 |  10452 |    283 |    519 |   8258 |  10 | 1073.5 |
       Dungeon |   9293 |   9021 |    272 |    460 |   7262 |   8 | 1161.6 |
        Temple |    100 |     89 |     11 |      0 |     77 |   1 |  100.0 |
         Sewer |   1341 |   1341 |      0 |     59 |    919 |   1 | 1341.0 |
               +--------+--------+--------+--------+--------+-----+--------+

Top non-repeatable levels by time:
     D:6: 1632 daAuts
     D:3: 1503 daAuts
     D:7: 1453 daAuts
     D:1: 1377 daAuts
   Sewer: 1341 daAuts
     D:5: 1289 daAuts
     D:4: 1025 daAuts
     D:2: 1000 daAuts
  Temple: 100 daAuts
     D:8: 11 daAuts
